 Dungeon Crawl Stone Soup version 0.14-a0-2061-g6c6fb9c (webtiles) character file.

1102 M4edhros the Slinger (level 7, -4/43 HPs)
             Began as an Octopode Hunter on Jan 22, 2014.
             Slain by Grinder (10 damage)
             ... while paralysed by Grinder
             ... on Level 5 of the Dungeon.
             The game lasted 00:05:51 (4142 turns).

M4edhros the Slinger (Octopode Hunter)              Turns: 4142, Time: 00:05:51

HP  -4/43        AC  1     Str 11 (12) XL: 7   Next: 96%
MP   7/7         EV  2     Int 13      God:
Gold 278         SH  0     Dex 14      Spells:  0 memorised,  6 levels left

rFire  x . .     SeeInvis .     e - +1,+3 orc mace
rCold  + . .     Clarity  .     (no shield)
rNeg   . . .     Conserve .     (helmet restricted)
rPois  .         rCorr    .     (no amulet)
rElec  .         rRot     .     h - cursed ring of sustain abilities
SustAb + .       Spirit   .     o - +2 ring of evasion
rMut   .         Warding  .     w - ring of ice
Saprov . . .     Stasis   .     (no ring)
MR     .....                    (no ring)
                                (no ring)
                                (no ring)
                                (no ring)

@: paralysed, not resistant to hostile enchantments, stealthy
A: almost no armour, amphibious, 8 rings, constrict 8, camouflage 1, gelatinous
body 1
a: no special abilities


You were on level 5 of the Dungeon.
You were not hungry.

You visited 1 branch of the dungeon, and saw 5 of its levels.

You collected 278 gold pieces.

Inventory:

Hand weapons
 b - a +1,+1 sling
 e - a +1,+3 orcish mace (weapon)
Missiles
 c - 65 sling bullets
 s - 23 stones (quivered)
Comestibles
 d - 2 meat rations
 f - 4 bread rations
 p - 3 pears
 r - 2 chokos
Scrolls
 g - 3 scrolls of remove curse
 i - a scroll of magic mapping
 k - 4 scrolls of teleportation
 m - a scroll of fear
 n - a scroll of blinking
 q - 2 scrolls of identify
Jewellery
 h - a cursed ring of sustain abilities (left tentacle)
 j - a cursed ring of teleportation {unknown}
 o - a +2 ring of evasion (right tentacle)
 w - a ring of ice (on tentacle)
Potions
 a - a potion of curing
 l - a potion of poison {unknown}


   Skills:
 - Level 1.0 Fighting
 + Level 9.5 Slings
 - Level 2.0 Dodging
 - Level 1.3 Stealth


You had 6 spell levels left.
You didn't know any spells.

Dungeon Overview and Level Annotations

Branches:
Dungeon (5/16)
 Temple: D:4-7

Altars:
Elyvilon
Yredelemnul

Annotations:
D:5 Grinder


Innate Abilities, Weirdness & Mutations

You cannot wear most types of armour.
You are amphibious.
You can wear up to eight rings at the same time.
You can use your tentacles to constrict many enemies at once.
Your skin changes colour to match your surroundings (Stlth).
Your rubbery body absorbs attacks (AC +1).


Message History

You hit Grinder.
Grinder is moderately wounded.
You constrict Grinder. Grinder hits you!
You writhe in agony.
Grinder gestures.
Grinder struggles to blink free from constriction.
You sock Grinder!
Grinder is heavily wounded.
You constrict Grinder. Grinder completely misses you.
You hit Grinder.
Grinder is severely wounded.
You constrict Grinder. Grinder gestures at you.
You suddenly lose the ability to move!
You lose your grip on Grinder.
Grinder hits you.
You writhe in agony.
Grinder hits you!
* * * LOW HITPOINT WARNING * * *
You writhe in agony.
* * * LOW HITPOINT WARNING * * *
Grinder hits you!
You die...

...........
########.## #.##
#.#. ..# #..# #.#
##.## #.# #..##
########## #.#
#.... #.....5@.#
#.# #.###
#.######.# #.#
##.## #.#
#.#####.# #.#
#.#......
#.#######........
#...........#####
#############


You could see Grinder.

Vanquished Creatures
  2 ogres (D:4)
  Sigmund (D:3)
  A giant frog (D:4)
  A jelly (D:5)
  4 hounds
  3 orc priests (D:4)
  An orc wizard (D:5)
  3 worker ants (D:4)
  Ijyb (D:3)
  6 adders
  A giant mite (D:3)
  2 worms
  A giant eyeball (D:4)
  8 orcs
  12 bats
  3 giant cockroaches
  15 hobgoblins
  5 jackals
  11 kobolds
  A ball python (D:3)
  3 giant geckos
  4 giant newts
  7 goblins
  A kobold zombie (D:5)
  An orc skeleton (D:3)
  12 rats
110 creatures vanquished.

Notes
Turn   | Place    | Note
--------------------------------------------------------------
     0 | D:1      | M4edhros, the Octopode Hunter, began the quest for the Orb.
     0 | D:1      | Reached XP level 1. HP: 13/13 MP: 1/1
   150 | D:1      | Reached XP level 2. HP: 18/18 MP: 2/2
   560 | D:2      | Reached skill level 5 in Slings
   560 | D:2      | Reached XP level 3. HP: 23/23 MP: 3/3
  1012 | D:2      | Reached XP level 4. HP: 28/28 MP: 4/4
  1288 | D:3      | Found a white marble altar of Elyvilon.
  1288 | D:3      | Found a basalt altar of Yredelemnul.
  1662 | D:3      | Noticed Ijyb
  1680 | D:3      | Killed Ijyb
  1680 | D:3      | Reached skill level 6 in Slings
  1911 | D:3      | Noticed Sigmund
  1921 | D:3      | Killed Sigmund
  1921 | D:3      | Reached XP level 5. HP: 32/33 MP: 5/5
  2208 | D:4      | Reached skill level 7 in Slings
  2208 | D:4      | Reached XP level 6. HP: 38/38 MP: 6/6
  2813 | D:4      | Noticed an ogre
  2851 | D:4      | Reached skill level 8 in Slings
  3128 | D:4      | Reached XP level 7. HP: 28/43 MP: 7/7
  3314 | D:4      | Killed an ogre
  3487 | D:4      | Paralysed by a giant eyeball for 4 turns
  3495 | D:4      | Reached skill level 9 in Slings
  3965 | D:5      | Entered Level 5 of the Dungeon
  4134 | D:5      | Noticed Grinder
  4140 | D:5      | Paralysed by Grinder for 3 turns
  4142 | D:5      | Slain by Grinder

Action                   |  1- 3 |  4- 6 |  7- 9 || total
-------------------------+-------+-------+-------++-------
Melee: Short sword       |       |     8 |       ||     8
       Mace              |       |     8 |    56 ||    64
 Fire: Sling             |    79 |   141 |    23 ||   243
  Use: Potion            |       |     7 |       ||     7
       Scroll            |       |     9 |     2 ||    11
 Stab: Sleeping          |       |       |     4 ||     4
